 Dungeon Crawl Stone Soup version 0.31.0-9-g3a7656b989 (webtiles) character file.

Game seed: 5203030008072672995

1848440 JavaGenius the Ruinous (level 27, 184/184 HPs)
             Began as a Gargoyle Fire Elementalist on Jan 22, 2024.
             Was a High Priest of Sif Muna.
             Escaped with the Orb
             ... and 4 runes on Jan 25, 2024!
             The game lasted 09:19:56 (104979 turns).

JavaGenius the Ruinous (GrFE)                     Turns: 104979, Time: 09:19:56

Health: 184/184    AC: 46    Str: 21    XL:     27
Magic:  44/44      EV: 18    Int: 40    God:    Sif Muna [*****.]
Gold:   5714       SH:  9    Dex:  8    Spells: 13/60 levels left

rFire   . . .        Z - staff of the Quiescent God {^Fragile Fly rN+ Str+7 Conj}
rCold   + . .        m - +3 buckler {AC+3}
rNeg    + + +        C - quicksilver dragon scales
rPois   ∞            (helmet restricted)
rElec   +            G - +2 cloak {rPois}
rCorr   .            i - +0 pair of gloves of Misanthropy {rC+ rN+}
SInv    .            w - +2 pair of slick slippers {slick, slippery, EV+4}
Will    +++..        a - amulet of magic regeneration
Stlth   +            T - +6 ring of intelligence
HPRegen 0.50/turn    (no ring)
MPRegen 0.69/turn

%: no passive effects
@: flying, studying 3 skills
A: sickness immunity, AC +20, big wings, negative energy resistance 1,
electricity resistance, torment resistance 1, petrification resistance, antennae
1, clever 2, mutation resistance 1, passive freeze, MP-powered wands
0: Orb of Zot
}: 4/15 runes: decaying, slimy, silver, gossamer
a: Renounce Religion, Channel Magic, Forget Spell, Divine Exegesis


You escaped.
You worshipped Sif Muna.
Sif Muna was extremely pleased with you.
You visited 11 branches of the dungeon, and saw 53 of its levels.
You visited the Abyss 2 times.
You also visited: Trove and Ice Cave.

You collected 9519 gold pieces.
You spent 3805 gold pieces at shops.

Inventory:

Armour
 i - the +0 pair of gloves of Misanthropy (worn) {rC+ rN+}
   (You found it in a treasure trove)

   rC+:       It protects you from cold.
   rN+:       It protects you from negative energy.
 m - a +3 buckler of protection (worn)
 w - the +2 pair of slick slippers (worn) {slick, slippery, EV+4}
   (You found it in a treasure trove)

   Slick:     Its wearer cannot be constricted, engulfed, netted or webbed.
   Slippery:  Its wearer slips away from damaging melee attacks, pulling the
   attacker onward.
   EV+4:      It affects your evasion (+4).
 x - the +0 helmet of Monog {rPois rF+}
   (You found it on level 3 of the Lair of Beasts)

   rF+:       It protects you from fire.
   rPois:     It protects you from poison
 C - quicksilver dragon scales (worn)
 G - a +2 cloak of poison resistance (worn)
 N - the +1 helmet of Dumnu {rPois rC+ rCorr}
   (You acquired it on level 12 of the Dungeon)

   rC+:       It protects you from cold.
   rPois:     It protects you from poison rCorr: It protects you from acid and
   corrosion.
Magical Staves
 Z - the staff of the Quiescent God (weapon) {^Fragile Fly rN+ Str+7 Conj}
   (You found it on level 5 of the Vaults)

   [staff of conjuration]

   Base accuracy: +5 Base damage: 5 Base attack delay: 1.2 This weapon's minimum
   attack delay (0.6) is reached at skill level 12.
   Str+7:     It affects your strength (+7).
   rN+:       It protects you from negative energy.
   Fly:       It grants you flight.
   ^Fragile:  It will be destroyed if unequipped.
   Conj:      It increases the power of your Conjurations spells.
   It falls into the 'Staves' category.
   It is a one-handed weapon.
Jewellery
 a - an amulet of magic regeneration (around neck)
 t - a +4 ring of protection
 S - a ring of see invisible
 T - a +6 ring of intelligence (left hand)
 U - a ring of magical power
Wands
 l - a wand of digging (8)
 E - a wand of iceblast (57)
 P - a wand of polymorph (22)
 Q - a wand of acid (19)
 V - a wand of paralysis (39)
 W - a wand of mindburst (28)
Scrolls
 c - 11 scrolls of vulnerability
 g - 16 scrolls of teleportation
 h - 9 scrolls of amnesia
 j - 8 scrolls of poison
 k - 8 scrolls of fog
 r - 8 scrolls of revelation
 s - 3 scrolls of silence
 u - 11 scrolls of enchant weapon
 y - a scroll of torment
 A - 4 scrolls of brand weapon
 J - 10 scrolls of blinking
 L - 2 scrolls of immolation
 M - 5 scrolls of summoning
 X - 3 scrolls of enchant armour
 Y - 5 scrolls of fear
Potions
 b - 2 potions of magic
 d - 7 potions of resistance
 e - 3 potions of cancellation
 n - 6 potions of haste
 p - 8 potions of heal wounds
 q - 6 potions of mutation
 v - 7 potions of might
 z - 11 potions of lignification
 B - 4 potions of invisibility
 D - 11 potions of attraction
 H - 4 potions of brilliance
 I - 7 potions of ambrosia
 O - 21 potions of curing
 R - 9 potions of enlightenment
Miscellaneous
 f - a lightning rod (4/4)
 o - a phantom mirror
 F - a phial of floods
 K - a condenser vane


   Skills:
 + Level 22.1 Fighting
 - Level 12.0 Staves
 - Level 15.0 Armour
 - Level 12.0 Dodging
 - Level 2.1 Stealth
 - Level 12.0 Shields
 - Level 17.0 Spellcasting
 - Level 25.0 Conjurations
 - Level 20.0 Fire Magic
 - Level 10.0 Ice Magic
 - Level 12.0 Air Magic
 - Level 6.0 Alchemy
 - Level 9.0 Invocations
 - Level 8.0 Evocations


You had 13 spell levels left.
You knew the following spells:

 Your Spells              Type           Power      Damage    Failure   Level
b - Scorch                Fire           100%       2d9       0%          2
c - Inner Flame           Hex/Fire       85%        N/A       1%          3
d - Flame Wave            Conj/Fire      100%       2d21      0%          4
e - Volatile Blastmotes   Fire/Tloc      100%       2d18      1%          3
f - Swiftness             Air            92%        N/A       1%          3
g - Starburst             Conj/Fire      72%        6d19      1%          6
h - Fireball              Conj/Fire      72%        3d27      0%          5
i - Ozocubu's Armour      Ice            85%        N/A       1%          3
j - Irradiate             Conj/Alch      63%        3d32      1%          5
k - Orb of Destruction    Conj           75%        9d17      1%          7
m - Conjure Ball Lightni  Conj/Air       67%        3x3d25    1%          6

Your spell library contained the following spells:

 Spells                   Type           Power      Damage    Failure   Level
 Foxfire                  Conj/Fire      100%       2x1d9     0%          1
 Kiss of Death            Conj/Necr      100%       2d13      0%          1
 Magic Dart               Conj           100%       1d8       0%          1
 Shock                    Conj/Air       100%       1d9       0%          1
 Sting                    Conj/Alch      100%       1d9       0%          1
 Momentum Strike          Conj/Tloc      100%       3d10      0%          2
 Searing Ray              Conj           100%       2d8       0%          2
 Static Discharge         Conj/Air       100%       3-8/arc   0%          2
 Hailstorm                Conj/Ice       100%       3d16      0%          3
 Mephitic Cloud           Conj/Alch/Air  100%       N/A       0%          3
 Iskenderun's Battlesphe  Conj           100%       2d15      0%          5
 Apportation              Tloc           68%        N/A       1%          1
 Freeze                   Ice            100%       1d10      1%          1
 Necrotise                Necr           100%       1d9       1%          1
 Sandblast                Erth           68%        2d15      1%          1
 Slow                     Hex            100%       N/A       1%          1
 Summon Small Mammal      Summ           100%       N/A       1%          1
 Blink                    Tloc           68%        N/A       1%          2
 Call Imp                 Summ           68%        N/A       1%          2
 Ensorcelled Hibernation  Hex/Ice        100%       N/A       1%          2
 Jinxbite                 Hex            68%        N/A       1%          2
 Lesser Beckoning         Tloc           68%        N/A       1%          2
 Mercury Vapours          Alch/Air       100%       N/A       1%          2
 Dazzling Flash           Conj/Hex       100%       N/A       1%          3
 Frozen Ramparts          Ice            100%       1d16      1%          3
 Stone Arrow              Conj/Erth      100%       3d13      1%          3
 Summon Ice Beast         Ice/Summ       65%        N/A       1%          3
 Airstrike                Air            46%        2d(7-23)  1%          4
 Brom's Barrelling Bould  Conj/Erth      100%       2d11      1%          4
 Fulminant Prism          Conj/Alch      63%        3d26      1%          4
 Ignite Poison            Fire/Alch      95%        N/A       1%          4
 Iskenderun's Mystic Bla  Conj/Tloc      100%       2d19      1%          4
 Olgreb's Toxic Radiance  Alch           70%        N/A       1%          4
 Sticky Flame             Fire/Alch      95%        2d14      1%          4
 Summon Blazeheart Golem  Fire/Summ      85%        N/A       1%          4
 Summon Lightning Spire   Summ/Air       70%        N/A       1%          4
 Vhi's Electric Charge    Tloc/Air       100%       N/A       1%          4
 Arcjolt                  Conj/Air       67%        1d77      1%          5
 Freezing Cloud           Conj/Ice/Air   63%        6-21      1%          5
 Bombard                  Conj/Erth      58%        9d10      1%          6
 Plasma Beam              Fire/Air       52%        2x1d67    1%          6
 Ignition                 Fire           57%        3d16      2%          8
 Alistair's Intoxication  Alch           46%        N/A       3%          5
 Silence                  Hex/Air        35%        N/A       3%          5
 Call Canine Familiar     Summ           34%        N/A       4%          3
 Confusing Touch          Hex            34%        N/A       4%          3
 Fugue of the Fallen      Necr           34%        N/A       4%          3
 Gell's Gravitas          Tloc           34%        N/A       4%          3
 Passwall                 Erth           34%        N/A       4%          3
 Sigil of Binding         Hex            34%        N/A       4%          3
 Teleport Other           Tloc           34%        N/A       4%          3
 Tukima's Dance           Hex            34%        N/A       4%          3
 Vampiric Draining        Necr           34%        2d8       4%          3
 Leda's Liquefaction      Alch/Erth      27%        N/A       4%          4
 Petrify                  Alch/Erth      55%        N/A       4%          4
 Metabolic Englaciation   Hex/Ice        32%        N/A       4%          5
 Spellforged Servitor     Conj/Summ      58%        N/A       7%          7
 Sculpt Simulacrum        Ice/Alch       39%        N/A       8%          6
 Yara's Violent Unravell  Hex/Alch       27%        3d12      11%         5
 Anguish                  Hex/Necr       17%        N/A       14%         4
 Animate Armour           Summ/Erth      68%        N/A       14%         4
 Animate Dead             Necr           34%        N/A       14%         4
 Dimensional Bullseye     Hex/Tloc       17%        N/A       14%         4
 Dispel Undead            Necr           34%        3d15      14%         4
 Manifold Assault         Tloc           34%        N/A       14%         4
 Martyr's Knell           Necr/Summ      34%        N/A       14%         4
 Passage of Golubria      Tloc           34%        N/A       14%         4
 Fire Storm               Conj/Fire      72%        8d18      14%         9
 Eringya's Noxious Bog    Alch           35%        4d6       19%         6
 Ozocubu's Refrigeration  Ice            42%        4d16      19%         7
 Borgnjor's Vile Clutch   Necr/Erth      17%        N/A       36%         5
 Curse of Agony           Necr           34%        N/A       36%         5
 Summon Forest            Summ/Tloc      17%        N/A       36%         5
 Summon Mana Viper        Hex/Summ       34%        N/A       36%         5
 Lehudib's Crystal Spear  Conj/Erth      58%        10d13     47%         8
 Maxwell's Capacitive Co  Air            46%        ∞         54%         8
 Chain Lightning          Conj/Air       67%        3d89      56%         9
 Death Channel            Necr           17%        N/A       91%         6
 Dispersal                Tloc           17%        N/A       91%         6
 Summon Cactus Giant      Summ           17%        N/A       91%         6
 Enfeeble                 Hex            17%        N/A       100%        7
 Haunt                    Necr/Summ      17%        N/A       100%        7
 Malign Gateway           Summ/Tloc      17%        N/A       100%        7
 Monstrous Menagerie      Summ           17%        N/A       100%        7
 Summon Hydra             Summ           17%        N/A       100%        7
 Borgnjor's Revivificati  Necr           17%        N/A       100%        8
 Discord                  Hex            17%        N/A       100%        8
 Disjunction              Tloc           17%        N/A       100%        8
 Summon Horrible Things   Summ           17%        N/A       100%        8
 Death's Door             Necr           17%        N/A       100%        9
 Polar Vortex             Ice            42%        12d5*     100%        9


Dungeon Overview and Level Annotations

Branches:
Dungeon (15/15)            Temple (1/1) D:4            Lair (5/5) D:9
  Swamp (4/4) Lair:3       Spider (4/4) Lair:2        Slime (5/5) Lair:5
    Orc (2/2) D:11            Elf (3/3) Orc:2        Vaults (5/5) D:14
  Crypt (0/3) Vaults:3     Depths (4/4) D:15            Zot (5/5) Depths:4
  IceCv (visited)

Altars:
Ashenzari
Cheibriados
Dithmenos
Elyvilon
Fedhas
Gozag
Hepliaklqana
Kikubaaqudgha
Nemelex Xobeh
Okawaru
Qazlal
Ru
Sif Muna
Trog
Uskayaw
Vehumet
Wu Jian
Xom
Yredelemnul
Zin
The Shining One
Jiyva
Lugonu

Shops:
D:1 *   D:9 [   D:12 !   Orc:1 =   Orc:2 [(((?   Elf:2 *   Elf:3 ***
Vaults:1 (   Vaults:2 :[   Vaults:3 *   Vaults:4 =   Vaults:5 *   Depths:3 **

Portals:
Hell: Depths:1 Depths:2 Depths:3 Depths:4
Abyss: Depths:3
Pandemonium: Depths:2
Ziggurat: Depths:4

Annotations:
D:5 2 transporters, fly's ghost, weakling KoDe
D:12 1 runed translucent door
D:14 3 runed translucent doors, Jiolyugh's ghost, journeyman GrEE; Uummannaq's ghost, journeyman MiFi
Elf:1 3 runed translucent doors, Gut Nirch's ghost, adept DgIE
Zot:2 2 transporters


Innate Abilities, Weirdness & Mutations

You are immune to sickness and miasma.
Your stone body is resilient. (AC +20)
You are immune to poison.
Your large and strong wings let you fly.
You resist negative energy. (rN+)
You are resistant to electric shocks. (rElec)
You are resistant to unholy torment.
You are immune to petrification.
You have a pair of small antennae on your head.
Your mind is very acute. (Int +8, Str/Dex -2)
You are somewhat resistant to further mutation.
A frigid envelope surrounds you and freezes all who hurt you.
You expend magic power (3 MP) to strengthen your wands.


Message History

Sif Muna accepts your kill.
Casting: Orb of Destruction (safe; 1% risk of failure)
Confirm with . or Enter, or press ? or * to list all spells.
Casting: Starburst (safe; 1% risk of failure)
Press: ? - help, Dir - look around, f - activate You feel a surge of power!
The bolt of fire hits the large abomination!!!!
You destroy the large abomination!
Sif Muna accepts your kill.
Unknown command.
Unknown command.
Your magical contamination has completely faded away.
There is a stone staircase leading up here.
You fly upwards.
There is a stone staircase leading down here.
A sun demon comes into view.
You can't go up here!
Casting: Starburst (safe; 1% risk of failure)
Confirm with . or Enter, or press ? or * to list all spells.
Aiming: Orb of Destruction (safe; 1% risk of failure)
Press: ? - help, Shift-Dir - straight line, f - sun demon
Aim: a sun demon (wandering, hasn't noticed you)
You feel a surge of power!
Unknown command.
The orb of destruction hits the sun demon!!!!
You blow up the sun demon!
Sif Muna accepts your kill.
You hear a shout!
There is a stone staircase leading up here.
Magic restored.
You fly upwards.
There is a stone staircase leading down here.
You see here a +0 dagger.
There is an open door here.
There is an open door here.
You reach down and open the door.
There is an open door here.
There is an open door here.
There is a staircase leading out of the dungeon here.
You have escaped!

##.# #..# #.# #. ...# #..#
#.#############. #### #.)#
#...........†).. #..####
#(############## #.....# #.#
######..##.#######.#
..≈≈≈≈≈≈≈≈.≈≈≈≈≈≈≈≈############
##≈####≈≈≈.≈≈≈####≈...........#
≈#⌠.####'####.@#≈##########.# #
≈#..+.......'..#≈# #.# #
≈##'####'####'##≈#### #.### #
≈≈#.#.......#.#≈≈...#######.... #
≈≈#.#...8...#.#≈≈.#............
##≈≈#.'.#####.'.#≈≈...##########.
..≈≈#.#...8...#.#≈≈..## #.
..≈≈#.#.......#.#≈≈..# #.
..≈##'####'####+##≈..# ###.


There were no monsters in sight!

Vanquished Creatures
  the Royal Jelly (Slime:5)
  3 dread liches
  4 orbs of fire
  2 ancient liches
  Mara (Vaults:4)
  Josephina (Depths:2)
  Boris (Vaults:4)
  9 Killer Klowns
  2 curse toes
  Nikola (Swamp:3)
  11 golden dragons
  Arachne (Spider:4)
  Norris (Vaults:2)
  A Tzitzimitl (D:13)
  6 electric golems
  A walking earthen tome (Zot:1)
  25 Orb Guardians (Zot:5)
  18 tentacled monstrosities
  A walking crystal tome (Zot:1)
  5 deep elf blademasters
  5 liches
  9 sphinxes
  6 titans
  An Executioner (D:3)
  A deep elf master archer (Elf:3)
  4 quicksilver dragons
  19 acid blobs
  13 death cobs
  A kraken (Swamp:4)
  The ghost of sanka the Brawler, an adept TrMo of the Shining One (Depths:3)
  9 shadow dragons
  Kirke (Lair:3)
  17 storm dragons
  2 thorn hunters (Swamp:4)
  17 rockslimes
  7 tengu reavers
  Donald (Lair:3)
  21 azure jellies
  3 draconian monks
  5 frost giants
  An emperor scorpion (Spider:4)
  3 iron dragons
  6 draconian shifters
  6 protean progenitors
  5 draconian knights
  4 deep elf sorcerers (Elf:3)
  2 narguns (Zot:1)
  8 fire giants
  19 vault wardens
  8 ghost moths
  4 deep elf elementalists (Elf:3)
  8 draconian scorchers
  2 angels (Abyss:4)
  3 orc warlords
  15 ironbound preservers
  4 draconian annihilators
  4 draconian stormcallers
  4 formless jellyfish
  A cacodemon (Abyss:4)
  13 quicksilver oozes
  9 broodmothers
  A spriggan defender (Depths:3)
  15 stone giants
  21 very ugly things
  4 ironbound thunderhulks
  2 vampire knights
  11 black draconians
  5 deep elf death magi
  19 green draconians
  7 deep elf demonologists
  A lorocyproca (Depths:2)
  7 white draconians
  2 purple draconians
  14 yellow draconians
  3 red draconians
  15 deep elf annihilators
  4 eleionomae
  5 bunyips
  2 war gargoyles (Vaults:3)
  12 dire elephants
  4 spark wasps
  16 ettins
  2 eidola (Vaults:3)
  2 jiangshi
  21 yaktaur captains
  2 shambling mangroves
  19 fire dragons
  The ghost of FinalFate the Basher, a journeyman MiBe of Trog (D:11)
  18 great orbs of eyes
  34 vault guards
  7 deep elf high priests
  3 entropy weavers
  The ghost of Anaz the Carver, a journeyman DgFi (D:11)
  The ghost of kittinger the Fighter, a journeyman DsGl of Dithmenos (D:11)
  A rakshasa (Depths:1)
  5 ogre magi
  A spriggan air mage (Swamp:4)
  2 peacekeepers
  30 hydras
  8 centaur warriors
  The ghost of lurch the Destroyer, a journeyman DrCj of Sif Muna (D:11)
  8 boulder beetles
  12 alligators
  5 ghost crabs
  7 ironbound frosthearts
  4 radroaches
  6 ice dragons
  2 jorogumos (Spider:4)
  28 two-headed ogres
  6 catoblepae
  36 dancing weapons
  11 tengu warriors
  11 death yaks
  An occultist (Depths:2)
  A hell hog (Abyss:4)
  6 demonic crawlers
  A shock serpent (shapeshifter) (Vaults:5)
  6 deep troll earth magi
  5 deep troll shamans
  A holy swine (Abyss:4)
  9 thrashing horrors
  4 vampire magi
  4 spriggan berserkers
  7 hell knights
  5 sun demons
  4 skeletal warriors (D:15)
  5 iron trolls
  4 skysharks (Vaults:2)
  16 deep elf knights
  3 goliath frogs
  5 pharaoh ants
  45 deep trolls
  3 glowing orange brains
  A flayed ghost (Depths:1)
  Lodul (D:13)
  3 arcanists
  2 spriggan druids
  A deep troll (shapeshifter) (Depths:1)
  10 orb spiders
  2 obsidian statues
  9 deep elf archers
  13 swamp dragons
  6 steelbarb worms
  A harpy (shapeshifter) (Vaults:5)
  10 bog bodies
  2 spectral wolf spiders (Spider:2)
  18 ironbound convokers
  7 orc knights
  8 phantasmal warriors
  4 wolf spider zombies (Spider:2)
  6 lindwurms
  28 deep elf pyromancers
  4 necromancers
  26 deep elf zephyrmancers
  A shining eye (shapeshifter) (Vaults:1)
  30 ugly things
  Maurice (Orc:1)
  45 wolf spiders
  2 fauns (Zot:1)
  3 orc sorcerers
  16 manticores
  5 shining eyes
  4 will-o-the-wisps
  24 moths of wrath
  10 cyclopes
  A guardian serpent (Abyss:4)
  7 meliai
  9 large abominations
  A salamander (shapeshifter) (Elf:3)
  A moth of wrath (shapeshifter) (Vaults:4)
  21 vault sentinels
  An ice statue (IceCv)
  2 black mambas
  A kobold blastminer (Orc:1)
  19 elephants
  2 eyes of devastation (shapeshifter)
  An elf zombie (Vaults:1)
  4 eyes of devastation
  A smoke demon (Zot:2)
  A gargoyle (D:11)
  8 torpor snails
  13 cane toads
  A hellion (D:7)
  A human zombie (Vaults:3)
  5 unseen horrors
  A rime drake (shapeshifter) (Elf:3)
  5 komodo dragons
  9 freezing wraiths
  An unseen horror (shapeshifter) (D:14)
  52 yaktaurs
  3 komodo dragons (shapeshifter)
  A yaktaur (shapeshifter) (Elf:3)
  A spark wasp simulacrum (Depths:2)
  3 rime drakes
  2 ancient zymes (Abyss:4)
  12 ice devils
  Psyche (D:10)
  A tengu conjurer (D:14)
  A shadow dragon simulacrum (Depths:2)
  13 trolls
  3 hellwings (Zot:2)
  A tengu simulacrum (Depths:2)
  2 polar bears
  10 hornets
  7 tyrant leeches
  A raiju (Abyss:6)
  4 wolf spider simulacra
  28 tarantellas
  33 blink frogs
  2 human simulacra
  An ettin zombie (Vaults:3)
  2 glass eyes
  A slime creature (shapeshifter) (D:15)
  22 dream sheep
  5 air elementals
  23 jumping spiders
  2 shadows (D:11)
  7 spriggans
  A ynoxinul (Abyss:6)
  16 culicivoras
  2 vampires
  62 slime creatures
  2 dire elephant simulacra (IceCv)
  4 wyverns
  2 starcursed masses (Abyss:4)
  39 yaks
  3 water elementals
  6 hogs (Lair:3)
  2 humans (D:14)
  2 golden eyes (Depths:4)
  5 fire elementals
  A death yak simulacrum (IceCv)
  5 basilisks
  12 wargs
  29 redbacks
  11 vampire mosquitoes
  3 chaos spawn
  3 harpy simulacra (IceCv)
  2 steam dragons
  11 swamp worms
  14 water moccasins
  A hell hound (Elf:2)
  2 human skeletons (Vaults:1)
  A hydra simulacrum (IceCv)
  2 acid dragons
  12 swamp drakes
  23 orc warriors
  2 ice beasts
  6 laughing skulls
  An ettin simulacrum (Vaults:1)
  A sky beast (D:7)
  2 black bears (D:7)
  35 ogres
  19 centaurs
  14 wolves
  A phantom (D:5)
  A kobold brigand (D:10)
  16 bullfrogs
  9 small abominations
  5 cane toad simulacra (IceCv)
  2 gnoll sergeants
  A two-headed ogre simulacrum (IceCv)
  3 earth elementals
  5 scorpions
  8 wights
  6 elephant simulacra (IceCv)
  8 killer bees
  3 electric eels
  8 howler monkeys
  A bombardier beetle (D:4)
  A hound (shapeshifter) (Vaults:5)
  9 hounds
  2 quasits
  A jelly (D:8)
  9 orc priests
  A sleepcap (D:7)
  2 iguanas
  20 orc wizards
  4 polar bear simulacra (IceCv)
  4 wolf simulacra (IceCv)
  6 gnolls
  A naga simulacrum (IceCv)
  9 adders
  3 shadow imps
  3 white imps
  5 ufetubi
  A ribbon worm (D:5)
  4 dart slugs
  72 orcs
  8 ball pythons
  8 endoplasms
  A giant cockroach (D:1)
  4 goblins
  3 hobgoblins
  15 kobolds
  5 quokkas
  6 bats
  5 frilled lizards
  3 rats
  An aspiring flesh (Zot:1)
  4 ball lightnings
  A tentacle (Swamp:4)
2286 creatures vanquished.

Vanquished Creatures (collateral kills)
  An orb of fire (Zot:5)
  2 Killer Klowns (Zot:5)
  A storm dragon (Zot:1)
  An emperor scorpion (Spider:4)
  13 ball lightnings
  9 foxfires
27 creatures vanquished.

Vanquished Creatures (others)
  A green draconian (Zot:4)
  A deep elf zephyrmancer (Elf:3)
  2 bloated husks
  A stone giant simulacrum (Depths:2)
  A ynoxinul (Abyss:5)
  A chaos spawn (Abyss:5)
  A laughing skull (D:15)
  A human simulacrum (Depths:2)
  An iguana (shapeshifter) (Vaults:5)
  An orc (Orc:1)
  353 ball lightnings
  1912 foxfires
  A lurking horror (Abyss:4)
  4 tentacles (Swamp:4)
2281 creatures vanquished.

Grand Total: 4594 creatures vanquished

Notes
Turn   | Place    | Note
-------+----------+-------------------------------------------
     0 | D:1      | JavaGenius the Gargoyle Fire Elementalist began the quest
                  | for the Orb.
     0 | D:1      | Reached XP level 1. HP: 10/10 MP: 3/3
    65 | D:1      | You fall into a shaft and drop 1 floor!
   201 | D:1      | Reached XP level 2. HP: 7/15 MP: 0/5
   813 | D:1      | Reached XP level 3. HP: 19/19 MP: 1/6
   885 | D:1      | Found Yreatech's General Store.
  1462 | D:1      | Bought a scroll of teleportation for 39 gold pieces
  1553 | D:2      | Found a faded altar of an unknown god.
  1649 | D:2      | Got the Lessons on Trauma and Calefaction
  1861 | D:2      | Reached XP level 4. HP: 23/24 MP: 3/7
  1932 | D:2      | Found a broken altar of Ashenzari.
  2074 | D:2      | Reached skill level 5 in Fire Magic
  2766 | D:3      | Learned a level 2 spell: Scorch
  3405 | D:3      | Reached XP level 5. HP: 24/28 MP: 0/8
  4050 | D:4      | Found a snail-covered altar of Cheibriados.
  4082 | D:4      | Noticed an ogre
  4118 | D:4      | Reached XP level 6. HP: 32/32 MP: 3/9
  4199 | D:4      | Found a shimmering altar of Xom.
  4359 | D:4      | Found a staircase to the Ecumenical Temple.
  4376 | Temple   | Entered the Ecumenical Temple
  4396 | Temple   | Became a worshipper of Sif Muna the Loreminder
  4790 | D:4      | Reached skill level 1 in Fighting
  4910 | D:4      | Reached XP level 7. HP: 40/40 MP: 3/10
  5435 | D:5      | Entered Level 5 of the Dungeon
  5440 | D:5      | Reached skill level 5 in Fighting
  5727 | D:5      | Reached * piety under Sif Muna
  5755 | D:5      | Noticed fly's ghost (weakling KoDe)
  5756 | D:5      | Found a transporter.
  5757 | D:5      | Found a transporter.
  5814 | D:5      | Reached XP level 8. HP: 46/51 MP: 2/11
  6229 | D:6      | Reached skill level 5 in Armour
  6863 | D:6      | Reached XP level 9. HP: 45/55 MP: 10/14
  7351 | D:7      | Reached skill level 5 in Spellcasting
  7436 | D:7      | Reached skill level 2 in Conjurations
  7439 | D:7      | Found a shadowy altar of Dithmenos.
  7449 | D:7      | Found a sacrificial altar of Ru.
  7567 | D:7      | Reached skill level 3 in Conjurations
  7755 | D:7      | Reached ** piety under Sif Muna
  7896 | D:7      | Reached skill level 4 in Conjurations
  8462 | D:7      | Found a blossoming altar of Fedhas.
  8658 | D:8      | Noticed a two-headed ogre
  8665 | D:8      | Killed a two-headed ogre
  8666 | D:8      | Reached XP level 10. HP: 42/60 MP: 7/19
  8778 | D:8      | Noticed a two-headed ogre
  8900 | D:8      | Killed a two-headed ogre
  9240 | D:8      | Found a stormy altar of Qazlal.
  9297 | D:8      | Noticed a two-headed ogre
  9459 | D:8      | Killed a two-headed ogre
  9596 | D:8      | Noticed a two-headed ogre
  9822 | D:8      | Killed a two-headed ogre
 10188 | D:8      | Found an iron altar of Okawaru.
 10810 | D:8      | Reached XP level 11. HP: 37/68 MP: 16/20
 10916 | D:9      | Found Qaiven's Antique Armour Shop.
 10943 | D:9      | Bought a pair of slimy boots for 266 gold pieces
 10943 | D:9      | Identified the +2 pair of boots of Beogh's Whim {Str+4
                  | Stlth+} (You bought it in a shop on level 9 of the Dungeon)
 10960 | D:9      | Found a staircase to the Lair.
 11406 | D:9      | Reached skill level 10 in Fire Magic
 11785 | D:9      | Found a bloodstained altar of Trog.
 12036 | D:10     | Entered Level 10 of the Dungeon
 12050 | D:10     | Noticed Psyche
 12936 | D:10     | Killed Psyche
 13024 | D:10     | Found an opulent altar of Gozag.
 13042 | D:10     | Found a glowing golden altar of the Shining One.
 13042 | D:10     | Found a white marble altar of Elyvilon.
 13044 | D:10     | Found a glowing silver altar of Zin.
 13417 | D:10     | Noticed a two-headed ogre
 13423 | D:10     | Killed a two-headed ogre
 13841 | D:9      | Reached *** piety under Sif Muna
 14090 | D:10     | Learned a level 3 spell: Inner Flame
 14095 | D:10     | Learned a level 4 spell: Flame Wave
 14160 | D:11     | Noticed a two-headed ogre
 14160 | D:11     | Found a staircase to the Orcish Mines.
 14663 | D:11     | Noticed a cyclops
 14853 | Lair:1   | Entered Level 1 of the Lair of Beasts
 15018 | D:9      | Learned a level 3 spell: Volatile Blastmotes
 15273 | Lair:1   | Reached XP level 12. HP: 76/76 MP: 9/22
 16051 | Lair:1   | Reached skill level 10 in Fighting
 16279 | Lair:2   | Reached skill level 5 in Conjurations
 16566 | Lair:2   | Reached skill level 6 in Conjurations
 16903 | Lair:1   | Reached skill level 7 in Conjurations
 17027 | Lair:2   | Found a hole to the Spider Nest.
 17124 | Lair:2   | Reached skill level 8 in Conjurations
 17582 | Lair:3   | Reached skill level 9 in Conjurations
 17583 | Lair:3   | Reached **** piety under Sif Muna
 17681 | Lair:3   | Got the Encyclopedia of Frost
 17872 | Lair:3   | Noticed Kirke
 18112 | Lair:3   | Found a staircase to the Swamp.
 18260 | Lair:4   | Reached XP level 13. HP: 33/83 MP: 8/23
 19208 | D:11     | Found a runed translucent gate.
 19209 | D:11     | Found a runed translucent gate.
 19229 | D:11     | Found a runed translucent gate.
 19230 | D:11     | Noticed Anaz's ghost (journeyman DgFi)
 19230 | D:11     | Noticed kittinger's ghost (journeyman DsGl)
 19230 | D:11     | Noticed lurch's ghost (journeyman DrCj)
 19230 | D:11     | Noticed FinalFate's ghost (journeyman MiBe)
 19403 | D:11     | Reached skill level 10 in Armour
 19990 | D:11     | Reached ***** piety under Sif Muna
 20297 | D:11     | Found a shimmering blue altar of Sif Muna.
 20806 | Orc:1    | Entered Level 1 of the Orcish Mines
 20806 | Orc:1    | Found Ythrudaj's Jewellery Shop.
 20816 | Orc:1    | Found a frozen archway.
 20826 | Orc:1    | Received a gift from Sif Muna
 20837 | Orc:1    | Got Loru's Vademecum on Phantasmal Energy {god gift}
 20925 | Orc:1    | Gained mutation: Your large and strong wings let you fly.
                  | [Gargoyle growth]
 20925 | Orc:1    | Reached XP level 14. HP: 62/92 MP: 17/27
 20937 | IceCv    | Entered an ice cave
 21206 | IceCv    | Reached skill level 1 in Evocations
 21911 | IceCv    | Found an ancient bone altar of Kikubaaqudgha.
 22527 | IceCv    | Identified the ring "Xomunefo" {rPois rN+ Str+4 Slay-6}
 22532 | IceCv    | Identified 2 scrolls of acquirement
 22534 | IceCv    | Acquired a +2 buckler of protection
 22749 | Orc:1    | Noticed Maurice
 22753 | Orc:1    | Killed Maurice
 22754 | Orc:1    | Reached skill level 5 in Evocations
 22955 | Orc:2    | Entered Level 2 of the Orcish Mines
 22955 | Orc:2    | Found Wiaguhic's Antique Armour Shoppe.
 23344 | D:12     | Found Noeb's Distillery.
 23352 | D:12     | Bought a potion of curing for 42 gold pieces
 23352 | D:12     | Bought a potion of brilliance for 56 gold pieces
 23539 | D:12     | Found a runed translucent door.
 23542 | D:12     | Found an ancient bone altar of Kikubaaqudgha.
 23788 | D:12     | Reached skill level 10 in Conjurations
 23834 | D:12     | Acquired the staff of Joyful Slaughter {rElec rCorr Str+3
                  | Air}
 23836 | D:12     | Acquired the +1 helmet of Dumnu {rPois rC+ rCorr}
 23947 | D:12     | Reached skill level 1 in Air Magic
 24077 | D:12     | Received a gift from Sif Muna
 24096 | D:12     | Got Hokum's Volume of Summoned Imprecation {god gift}
 24735 | D:13     | Noticed Lodul
 24753 | D:13     | Killed Lodul
 25618 | D:14     | Found a runed translucent gate.
 25621 | D:14     | Found a runed translucent gate.
 25621 | D:14     | Found an ancient bone altar of Kikubaaqudgha.
 25622 | D:14     | Found a runed translucent gate.
 25713 | D:14     | Noticed Uummannaq's ghost (journeyman MiFi)
 25713 | D:14     | Noticed a lich
 25714 | D:14     | Noticed Jiolyugh's ghost (journeyman GrEE)
 25715 | D:14     | Noticed a lich
 25716 | D:14     | Noticed a lich
 25987 | D:14     | Reached skill level 5 in Air Magic
 26050 | D:14     | Paralysed by an orc sorcerer for 3 turns
 26274 | D:14     | Reached XP level 15. HP: 91/96 MP: 20/28
 26287 | D:14     | Learned a level 3 spell: Swiftness
 26365 | D:14     | Found a gate to the Vaults.
 26576 | D:12     | Bought a potion of lignification for 42 gold pieces
 27042 | Lair:3   | Reached skill level 11 in Conjurations
 27137 | Lair:3   | Killed Kirke
 27188 | Lair:3   | Identified the +0 helmet of Monog {rPois rF+}
 27580 | Swamp:1  | Entered Level 1 of the Swamp
 27587 | Swamp:1  | Noticed Donald
 27750 | Lair:4   | Received a gift from Sif Muna
 27752 | Lair:4   | Got Sif Muna's Treatise on the Ill-starred Hornet {god
                  | gift}
 28511 | Lair:5   | Entered Level 5 of the Lair of Beasts
 28571 | Lair:5   | Found a staircase to the Slime Pits.
 28571 | Lair:5   | Found a viscous altar of Jiyva.
 28983 | Lair:5   | Identified the ring of Lady Luck {rPois Will- Int+3 Dex+6
                  | Slay+2}
 29550 | Lair:5   | Reached skill level 10 in Air Magic
 29938 | Lair:5   | Reached XP level 16. HP: 85/101 MP: 20/29
 30294 | Spider:1 | Entered Level 1 of the Spider Nest
 30917 | Spider:1 | Received a gift from Sif Muna
 30923 | Spider:1 | Got Azeiric's Quarto of Trauma {god gift}
 30931 | Spider:1 | Learned a level 6 spell: Starburst
 33144 | Spider:2 | Identified the +0 mace of World's End {heavy, rN+ Int+4
                  | Dex+3}
 33395 | Spider:2 | Reached skill level 12 in Conjurations
 34040 | Spider:3 | Reached skill level 13 in Conjurations
 35833 | Spider:4 | Entered Level 4 of the Spider Nest
 35840 | Spider:3 | Reached skill level 14 in Conjurations
 35995 | Spider:3 | Received a gift from Sif Muna
 36217 | Spider:3 | Got Sif Muna's Precepts of Relocation {god gift}
 36257 | Spider:3 | Reached XP level 17. HP: 60/106 MP: 22/30
 37328 | Lair:3   | Killed Donald
 39440 | Swamp:3  | Reached skill level 10 in Spellcasting
 40748 | Swamp:4  | Entered Level 4 of the Swamp
 40748 | Swamp:4  | Noticed Nikola
 40749 | Swamp:4  | Noticed a kraken
 41393 | D:14     | Identified the +2 lajatang "Toptoiwe" {freeze, rCorr Str+3
                  | Int-5}
 41439 | D:14     | Found an iron altar of Okawaru.
 41825 | D:15     | Entered Level 15 of the Dungeon
 42140 | D:15     | Received a gift from Sif Muna
 42142 | D:15     | Got Sif Muna's Secrets of Hurtful Soot {god gift}
 42149 | D:15     | Learned a level 5 spell: Fireball
 42153 | D:15     | Learned a level 3 spell: Ozocubu's Armour
 42582 | D:15     | Reached skill level 1 in Ice Magic
 42759 | D:15     | Reached XP level 18. HP: 109/109 MP: 24/33
 42829 | D:15     | Found a portal to a secret trove of treasure.
 43104 | D:15     | Reached skill level 5 in Dodging
 43342 | D:15     | Found a staircase to the Depths.
 43518 | Depths:1 | Entered Level 1 of the Depths
 44184 | Orc:2    | Reached skill level 5 in Ice Magic
 44377 | Orc:2    | Reached skill level 1 in Staves
 44646 | Orc:2    | Found Seboguab's Antique Weapon Boutique.
 44647 | Orc:2    | Found Qim Lein's Antique Weapon Emporium.
 44647 | Orc:2    | Found Wuhiont's Magic Scroll Shop.
 44647 | Orc:2    | Found Ybuhel's Weapon Emporium.
 44655 | Orc:2    | Bought a scroll of fear for 52 gold pieces
 44655 | Orc:2    | Bought a scroll of fog for 52 gold pieces
 44655 | Orc:2    | Bought a scroll of blinking for 97 gold pieces
 44655 | Orc:2    | Bought a scroll of revelation for 97 gold pieces
 44655 | Orc:2    | Bought a scroll of revelation for 97 gold pieces
 44655 | Orc:2    | Bought 2 scrolls of enchant armour for 195 gold pieces
 44655 | Orc:2    | Bought a scroll of identify for 26 gold pieces
 44682 | Orc:2    | Bought a scroll of acquirement for 676 gold pieces
 44717 | Orc:2    | Acquired 717 gold pieces
 44996 | Orc:2    | Found a staircase to the Elven Halls.
 45348 | Elf:1    | Entered Level 1 of the Elven Halls
 45374 | Elf:1    | Reached skill level 5 in Shields
 45540 | Elf:1    | Received a gift from Sif Muna
 45543 | Elf:1    | Got Sif Muna's Directory of Energy {god gift}
 45936 | Orc:1    | Learned a level 5 spell: Irradiate
 46134 | Elf:1    | Found a runed translucent gate.
 46135 | Elf:1    | Found a runed translucent gate.
 46260 | Elf:1    | Found a runed translucent gate.
 46261 | Elf:1    | Noticed Gut Nirch's ghost (adept DgIE)
 47276 | Elf:2    | Found Fatudeod's Assorted Antiques.
 47661 | Elf:2    | Reached skill level 15 in Fire Magic
 47732 | Elf:2    | Paralysed by an air elemental for 1 turns
 47837 | Elf:2    | Bought a scroll of blinking for 255 gold pieces
 47837 | Elf:2    | Bought 2 potions of curing for 204 gold pieces
 48029 | Elf:2    | Reached skill level 1 in Alchemy
 48121 | Elf:2    | Reached XP level 19. HP: 113/119 MP: 20/34
 48349 | Elf:2    | Found a runed translucent gate.
 48350 | Elf:2    | Found a runed translucent gate.
 48350 | Elf:2    | Found a runed translucent gate.
 48901 | Elf:1    | Paralysed by a sphinx for 3 turns
 49039 | Elf:2    | Reached skill level 5 in Alchemy
 49813 | Elf:2    | Received a gift from Sif Muna
 49814 | Elf:2    | Got Sif Muna's Incunable of Gathered Maleficia {god gift}
 50242 | Elf:3    | Entered Level 3 of the Elven Halls
 50274 | Elf:3    | Found Isuleq's General Store.
 50279 | Elf:3    | Found Ojoil's Assorted Antiques.
 50467 | Elf:3    | Found an ancient bone altar of Kikubaaqudgha.
 50532 | Elf:3    | Bought a scroll of blinking for 262 gold pieces
 50532 | Elf:3    | Bought a scroll of fog for 140 gold pieces
 50536 | Elf:3    | Bought a scroll of identify for 30 gold pieces
 50536 | Elf:3    | Bought a potion of heal wounds for 75 gold pieces
 50571 | Elf:3    | Found Ceassy's General Store.
 52776 | Elf:3    | Identified the +4 ring mail of the Wheelwright {rN+}
 53081 | Elf:3    | Identified the +3 plate armour "Ishroplud" {rF++ Will+
                  | Slay-6}
 53099 | Elf:3    | Noticed a Hell Sentinel
 53267 | Elf:3    | Identified the ring of Conformity {rF- rC+ rN+ Str+6 Int+7}
 53327 | Elf:3    | Identified the +3 shortbow of Intimidation {flame, +Blink
                  | rC- Dex+3 SInv}
 53330 | Elf:3    | Identified the +2 robe of the Realm of Zot {rC+++ rCorr
                  | Int-5 Archmagi}
 53429 | Elf:3    | Reached XP level 20. HP: 109/127 MP: 6/35
 53500 | Elf:3    | Identified the +4 chain mail of Dice, Bag, and Bottle
                  | {Rampage *Slow Will+ Dex+2}
 53525 | Elf:3    | Noticed a Brimstone Fiend
 54454 | Orc:1    | Received a gift from Sif Muna
 54455 | Orc:1    | Got Barez's Lessons on Blasting and the Alembic {god gift}
 55008 | D:11     | Killed FinalFate's ghost
 55008 | D:11     | Killed lurch's ghost
 55012 | D:11     | Killed Anaz's ghost
 55053 | D:11     | Killed kittinger's ghost
 56287 | Spider:4 | Reached skill level 15 in Conjurations
 56486 | Spider:4 | Noticed Arachne
 57568 | Spider:3 | Learned a level 3 spell: Summon Ice Beast
 57783 | Spider:4 | Reached skill level 10 in Ice Magic
 58368 | Spider:4 | Received a gift from Sif Muna
 58369 | Spider:4 | Got Bebyulom's Teachings on the Elliptic Undead {god gift}
 58603 | Spider:4 | Killed Arachne
 58741 | Spider:4 | Got a gossamer rune of Zot
 59033 | Swamp:3  | Killed Nikola
 59043 | Swamp:3  | Gained mutation: You are occasionally teleported next to
                  | monsters. [mutagenic glow]
 59967 | Swamp:4  | Reached XP level 21. HP: 120/132 MP: 20/37
 60042 | Swamp:3  | Lost mutation: You are occasionally teleported next to
                  | monsters. [potion of mutation]
 60042 | Swamp:3  | Gained mutation: Your body sometimes deteriorates upon
                  | taking damage. [potion of mutation]
 60042 | Swamp:3  | Gained mutation: You are dopey. (Int -2) [potion of
                  | mutation]
 60042 | Swamp:3  | Gained mutation: You are partially covered in iridescent
                  | scales. (AC +2) [potion of mutation]
 60570 | Swamp:4  | Got a decaying rune of Zot
 60587 | Swamp:4  | Received a gift from Sif Muna
 60600 | Swamp:4  | Got Sif Muna's Handbook of Twisted Formation {god gift}
 60606 | Swamp:4  | Learned a level 4 spell: Summon Blazeheart Golem
 61863 | Depths:1 | Found a gateway to Hell.
 62212 | Vaults:1 | Entered Level 1 of the Vaults
 62269 | Vaults:1 | Found Loepir's Weapon Emporium.
 62430 | Vaults:1 | Upgraded the game from 0.31.0-4-g52a2dc7128 to
                  | 0.31.0-9-g3a7656b989
 62581 | Vaults:1 | Gained mutation: You occasionally lose the ability to drink
                  | potions when taking damage. [a shining eye]
 62623 | Vaults:1 | Identified the ring of the Insatiable Friends {rF- rN+
                  | Str+6 Slay+5}
 62812 | Vaults:1 | Reached skill level 5 in Staves
 64273 | Vaults:2 | Noticed Norris
 64287 | Vaults:3 | Found Sifus's General Store.
 64365 | Vaults:3 | Bought a scroll of summoning for 161 gold pieces
 64864 | Vaults:3 | Received a gift from Sif Muna
 64866 | Vaults:3 | Got Sif Muna's Anthology of Frostbitten Hurting {god gift}
 65084 | Vaults:3 | Identified the +7 trident of the Warrior-Mage {drain, rElec
                  | rF+ Str-3}
 65129 | Vaults:3 | Reached XP level 22. HP: 137/137 MP: 28/40
 65693 | Vaults:3 | Reached ****** piety under Sif Muna
 66300 | Vaults:3 | Found a staircase to the Crypt.
 66677 | Vaults:2 | Reached skill level 15 in Spellcasting
 67207 | Vaults:2 | Found Rautoump's Armour Emporium.
 67210 | Vaults:2 | Found Magyud's Book Boutique.
 67212 | Vaults:2 | Identified the +10 hand axe "Xisuq" {freeze, +Blink Will+
                  | MP+9 SInv}
 67297 | Vaults:2 | Identified the amulet "Poisusch" {Regen+ Dex+6 Stlth-}
 67342 | Vaults:2 | Received a gift from Sif Muna
 67343 | Vaults:2 | Got Meofutra's Spellbook of Diablerie and the Tempest {god
                  | gift}
 67348 | Vaults:2 | Reached skill level 16 in Conjurations
 67368 | Vaults:2 | Killed Norris
 68378 | Vaults:4 | Reached skill level 17 in Conjurations
 68875 | Vaults:4 | Noticed Mara
 68877 | Vaults:4 | Noticed a dread lich
 69256 | Abyss:3  | Cast into level 3 of the Abyss (vault warden)
 69285 | Abyss:4  | Reached skill level 18 in Conjurations
 69300 | Abyss:4  | Learned a level 6 spell: Conjure Ball Lightning
 69412 | Abyss:4  | Found a corrupted altar of Lugonu.
 69471 | Abyss:5  | Found a corrupted altar of Lugonu.
 69486 | Abyss:5  | Received a gift from Sif Muna
 69487 | Abyss:5  | Got Sif Muna's Folio of the Overcast Charnel House {god
                  | gift}
 69494 | Abyss:5  | Noticed a dread lich
 69570 | Abyss:5  | Found a corrupted altar of Lugonu.
 69655 | Vaults:4 | Escaped the Abyss
 69667 | Vaults:4 | Reached XP level 23. HP: 90/144 MP: 20/42
 69797 | Vaults:4 | Reached skill level 15 in Fighting
 70242 | Vaults:4 | Found Wosogh's Jewellery Shoppe.
 70599 | Vaults:4 | Killed Mara
 71007 | Vaults:3 | Killed a dread lich
 72727 | Depths:1 | Found a hazy altar of Hepliaklqana.
 72896 | D:15     | You paid a toll of +4 ice dragon scales to enter a treasure
                  | trove
 72897 | Trove    | Entered a treasure trove
 72900 | Trove    | Found the +3 Mad Mage's Maulers {Infuse+∞ VampMP -Cast}
 72900 | Trove    | Found the +2 pair of slick slippers {slick, slippery, EV+4}
 72904 | Trove    | Identified the +2 pair of gloves of a sewer {Dex+4}
 72907 | Trove    | Identified the +0 pair of gloves of Misanthropy {rC+ rN+}
 72908 | Trove    | Identified the +1 cloak of Fedhas's Respect {rElec rF-
                  | Regen+ Str-2}
 72911 | Trove    | Identified the +5 scale mail of Lies {rN+ MP-9 Stlth+}
 72913 | Trove    | Identified the +0 pair of boots "Pobop" {rC+ Stlth+}
 72914 | Trove    | Identified the +3 leather armour of the Valley {Fly Str-2
                  | Dex+3 SInv}
 72915 | Trove    | Identified the +6 scale mail "Reqiur" {-Tele Regen+ SInv}
 72916 | Trove    | Identified the +5 buckler of the Centipede {rPois rC+}
 73129 | Depths:1 | Found a hide-covered altar of Uskayaw.
 73367 | Depths:2 | Noticed a golden dragon
 74336 | Depths:2 | Killed a golden dragon
 74336 | Depths:2 | Received a gift from Sif Muna
 74343 | Depths:2 | Got Sif Muna's Notes on Gelid Virulence {god gift}
 74470 | Depths:2 | Found a one-way gate leading to the halls of Pandemonium.
 74930 | Depths:2 | Learned a level 7 spell: Orb of Destruction
 74983 | Depths:2 | Noticed a golden dragon
 74990 | Depths:2 | Killed a golden dragon
 75086 | Abyss:5  | Found a corrupted altar of Lugonu.
 75086 | Abyss:5  | Cast into level 5 of the Abyss (an occultist)
 75088 | Abyss:5  | Found a corrupted altar of Lugonu.
 75117 | Depths:2 | Escaped the Abyss
 75330 | Depths:2 | Identified the +0 kite shield "Pitwulik" {rPois rN+++ MP+9
                  | Dex-5}
 75461 | Depths:2 | Identified the ring of Asop {Ice rN+ MP+9 Str+2 Dex-3
                  | Stlth+}
 75461 | Depths:2 | Noticed Josephina
 75470 | Depths:2 | Killed Josephina
 76463 | Depths:3 | Identified the ring of Bighe {Will+ Int+2}
 76496 | Depths:3 | Found a one-way gate to the infinite horrors of the Abyss.
 76749 | Depths:3 | Found a runed translucent gate.
 76750 | Depths:3 | Found a runed translucent gate.
 76751 | Depths:3 | Found a runed translucent gate.
 76752 | Depths:3 | Found an opulent altar of Gozag.
 76752 | Depths:3 | Noticed sanka's ghost (adept TrMo)
 76753 | Depths:3 | Found Nier's Assorted Antiques.
 76755 | Depths:3 | Found Visuk's Assorted Antiques.
 77154 | Depths:3 | Reached skill level 10 in Dodging
 77242 | Depths:3 | Reached XP level 24. HP: 118/150 MP: 35/43
 77969 | Depths:3 | Received a gift from Sif Muna
 77970 | Depths:3 | Got Sif Muna's Sophisticated Hermetics {god gift}
 79224 | Depths:4 | Entered Level 4 of the Depths
 79606 | Depths:4 | Found a one-way gateway to a ziggurat.
 80557 | Depths:4 | Reached skill level 19 in Conjurations
 81346 | Depths:4 | Found a gate to the Realm of Zot.
 81699 | Depths:4 | Gained mutation: Armour fits poorly on your strangely
                  | shaped body. [a shining eye]
 81702 | Depths:4 | Lost mutation: Armour fits poorly on your strangely shaped
                  | body. [a shining eye]
 81860 | Depths:4 | Found a glowing silver altar of Zin.
 82101 | Depths:4 | Identified the +6 spear "Buluops" {flame, *Corrode rElec
                  | rC++ Str-4}
 83137 | Vaults:5 | Entered Level 5 of the Vaults
 83141 | Vaults:5 | Received a gift from Sif Muna
 84058 | Vaults:5 | Reached skill level 15 in Armour
 84202 | Vaults:5 | Got Sif Muna's Papyrus of Numb Ectoplasm {god gift}
 84213 | Vaults:5 | Reached XP level 25. HP: 143/163 MP: 25/43
 84301 | Vaults:5 | Noticed Boris
 84388 | Vaults:4 | Killed Boris
 85824 | Vaults:5 | Paralysed by a sphinx for 3 turns
 86045 | Vaults:5 | Noticed an ancient lich
 86049 | Vaults:5 | Killed an ancient lich
 86280 | Vaults:5 | Got Sif Muna's Compendium of the Evil Boggart
 86434 | Vaults:5 | Identified the +1 broad axe of Socsass {freeze, Int+3}
 86458 | Vaults:5 | Got the Elucidation of Necromancy and the Volcano
 86460 | Vaults:5 | Got a silver rune of Zot
 86722 | Vaults:5 | Reached skill level 10 in Shields
 87213 | Vaults:5 | Found Risos's General Store.
 87253 | Vaults:5 | Identified the staff of the Quiescent God {^Fragile Fly rN+
                  | Str+7 Conj}
 87809 | Vaults:5 | Received a gift from Sif Muna
 87810 | Vaults:5 | Got Yjus's Compendium of the Wild Snowflakes {god gift}
 88524 | Depths:3 | Killed sanka's ghost
 88876 | Depths:3 | Bought a scroll of teleportation for 147 gold pieces
 88876 | Depths:3 | Bought a potion of brilliance for 196 gold pieces
 88882 | Depths:3 | Bought a runed helmet for 277 gold pieces
 88882 | Depths:3 | Bought a scroll of teleportation for 111 gold pieces
 88886 | Depths:3 | Bought an encrusted robe for 210 gold pieces
 88886 | Depths:3 | Identified the +0 robe "Syora" {^Drain rC++ Int-5 Slay+5}
                  | (You bought it in a shop on level 3 of the Depths)
 89010 | Zot:1    | Entered Level 1 of the Realm of Zot
 89488 | Zot:1    | Noticed an orb of fire
 89502 | Zot:1    | Killed an orb of fire
 89628 | Zot:1    | Reached skill level 10 in Staves
 90495 | Zot:1    | Identified the +7 double sword "Qothiu Enul" {speed, rC+
                  | rCorr Dex+3}
 90564 | Zot:1    | Identified the +9 double sword of the Gnat {drain, +Blink
                  | rElec Will+}
 90597 | Zot:1    | Reached XP level 26. HP: 163/172 MP: 22/43
 91368 | Zot:2    | Noticed an orb of fire
 91368 | Zot:2    | Noticed a Killer Klown
 91369 | Zot:2    | Gained mutation: You are very dopey. (Int -4) [an orb of
                  | fire]
 92130 | Zot:2    | Gained mutation: You occasionally lose the ability to read
                  | scrolls when taking damage. [an orb of fire]
 92134 | Zot:2    | Gained mutation: You are occasionally teleported next to
                  | monsters. [an orb of fire]
 92135 | Zot:2    | Killed an orb of fire
 92158 | Zot:2    | Lost mutation: You occasionally lose the ability to drink
                  | potions when taking damage. [potion of mutation]
 92158 | Zot:2    | Lost mutation: Your body sometimes deteriorates upon taking
                  | damage. [potion of mutation]
 92158 | Zot:2    | Lost mutation: You are very dopey. (Int -4) [potion of
                  | mutation]
 92158 | Zot:2    | Gained mutation: You occasionally shout uncontrollably at
                  | your foes. [potion of mutation]
 92158 | Zot:2    | Gained mutation: You are robust. (+10% HP) [potion of
                  | mutation]
 92159 | Zot:2    | Lost mutation: You are dopey. (Int -2) [potion of mutation]
 92159 | Zot:2    | Lost mutation: You are occasionally teleported next to
                  | monsters. [potion of mutation]
 92159 | Zot:2    | Lost mutation: You are robust. (+10% HP) [potion of
                  | mutation]
 92159 | Zot:2    | Gained mutation: You are strong-willed. (Will+) [potion of
                  | mutation]
 92159 | Zot:2    | Gained mutation: You are agile. (Dex +4, Str/Int -1)
                  | [potion of mutation]
 92204 | Zot:2    | Noticed an orb of fire
 92210 | Zot:2    | Found a transporter.
 92487 | Zot:2    | Found a transporter.
 93013 | Zot:2    | Killed a Killer Klown
 94514 | Zot:3    | Received a gift from Sif Muna
 94836 | Zot:3    | Reached skill level 20 in Conjurations
 96124 | Zot:4    | Reached skill level 21 in Conjurations
 96364 | Zot:4    | Noticed an orb of fire
 96365 | Zot:4    | Lost mutation: You are agile. (Dex +4, Str/Int -1) [an orb
                  | of fire]
 96370 | Zot:4    | Killed an orb of fire
 97044 | Zot:5    | Entered Level 5 of the Realm of Zot
 97287 | Zot:5    | Reached skill level 22 in Conjurations
 97483 | Zot:5    | Found a transporter.
 97502 | Zot:5    | Reached XP level 27. HP: 177/184 MP: 5/43
 97579 | Zot:5    | Found a transporter.
 97592 | Zot:5    | Found a transporter.
 98293 | Zot:5    | Found a transporter.
 98918 | Zot:5    | Reached skill level 23 in Conjurations
 99022 | Zot:5    | Noticed an orb of fire
 99043 | Zot:5    | Killed an orb of fire
 99066 | Zot:5    | Noticed a dread lich
 99078 | Zot:5    | Killed a dread lich
 99264 | Zot:5    | Received a gift from Sif Muna
 99268 | Zot:5    | Got Sif Muna's Annotations on Thunder and the Fairies {god
                  | gift}
 99962 | Zot:5    | Noticed a dread lich
 99977 | Zot:5    | Killed a dread lich
100033 | Zot:5    | Noticed an ancient lich
100044 | Zot:5    | Killed an ancient lich
100996 | Zot:5    | Noticed an orb of fire
101000 | Zot:5    | Killed an orb of fire
101001 | Zot:5    | Reached skill level 24 in Conjurations
101561 | Slime:1  | Entered Level 1 of the Pits of Slime
102160 | Slime:5  | Entered Level 5 of the Pits of Slime
102238 | Slime:5  | Gained mutation: You are frail. (-10% HP) [a shining eye]
102352 | Slime:5  | Received a gift from Sif Muna
102353 | Slime:5  | Got Sif Muna's Omnibus of the Numb Door {god gift}
103039 | Slime:5  | Noticed the Royal Jelly
103119 | Slime:5  | Killed the Royal Jelly
103467 | Slime:5  | Found the +3 crown of Dyrovepreva {rElec Int+2 SInv}
103502 | Slime:5  | Identified the amulet "Vamehiats" {Reflect rElec rF+ Int-2
                  | Dex+2 SH+5}
103510 | Slime:5  | Identified the ring of Cesilis {Wiz Stlth+}
103535 | Slime:5  | Identified the +5 orcbow of the End of Times {antimagic,
                  | rF- Will+ Int+2}
103539 | Slime:5  | Identified the +0 leather armour of Licisaq {rF+ Int+3}
103541 | Slime:5  | Got a slimy rune of Zot
103542 | Slime:5  | Identified the +0 chain mail of Dramatic Exits {Regen+
                  | Str-2 Int+4 SInv}
103545 | Slime:5  | Identified the +3 short sword of Fortitude {venom, *Slow
                  | Dex+8}
103556 | Slime:5  | Identified the +3 mace "Ticuojuo" {holy, ^Fragile rN++}
103629 | Slime:5  | Identified the +0 scale mail "Hualiux" {Rampage rElec
                  | rPois}
104236 | Zot:5    | Lost mutation: You occasionally lose the ability to read
                  | scrolls when taking damage. [potion of mutation]
104236 | Zot:5    | Lost mutation: You are strong-willed. (Will+) [potion of
                  | mutation]
104236 | Zot:5    | Gained mutation: Armour fits poorly on your strangely
                  | shaped body. [potion of mutation]
104236 | Zot:5    | Gained mutation: You have supernaturally acute eyesight.
                  | (SInv) [potion of mutation]
104236 | Zot:5    | Gained mutation: You expend magic power (3 MP) to
                  | strengthen your wands. [potion of mutation]
104237 | Zot:5    | Lost mutation: You have supernaturally acute eyesight.
                  | (SInv) [potion of mutation]
104237 | Zot:5    | Lost mutation: You are frail. (-10% HP) [potion of
                  | mutation]
104237 | Zot:5    | Gained mutation: A frigid envelope surrounds you and
                  | freezes all who hurt you. [potion of mutation]
104237 | Zot:5    | Gained mutation: Your mind is acute. (Int +4, Str/Dex -1)
                  | [potion of mutation]
104237 | Zot:5    | Gained mutation: Your mind is very acute. (Int +8, Str/Dex
                  | -2) [potion of mutation]
104237 | Zot:5    | Gained mutation: You are somewhat resistant to further
                  | mutation. [potion of mutation]
104238 | Zot:5    | Lost mutation: You occasionally shout uncontrollably at
                  | your foes. [potion of mutation]
104238 | Zot:5    | Lost mutation: Armour fits poorly on your strangely shaped
                  | body. [potion of mutation]
104238 | Zot:5    | Lost mutation: You are partially covered in iridescent
                  | scales. (AC +2) [potion of mutation]
104238 | Zot:5    | Gained mutation: You have a pair of small antennae on your
                  | head. [potion of mutation]
104314 | Zot:5    | Got the Orb of Zot
104378 | Zot:5    | Noticed Kiocusk the pandemonium lord
104817 | D:7      | Reached skill level 25 in Conjurations
104979 | D:$      | Escaped with the Orb!

Illustrated notes

Levels and vault maps discovered:
D:1:      heliophobic_arrival_glass_houses, layout_loops_ring, serial_shops,
          shop, minmay_pentomino_s2
D:2:      minmay_wonky_spiral, layout_rooms, basic_altar,
          dreamdust_ecumenical_altar_statues, st_stairs_13, minmay_cut_off
D:3:      layout_loops_ring
D:4:      minmay_recursive_quarters, layout_rooms, kennysheep_mini_moat,
          cheibriados_altar_1, minmay_temple_entry_junction, serial_demonic,
          serial_demonic_d, serial_demonic_e, serial_demonic_g,
          serial_demonic_e, serial_demonic_f, serial_demonic_c
D:5:      layout_cave_pools, mainiacjoe_overflow_alcove_1,
          gammafunk_ghost_mausoleum
D:6:      layout_rooms, kennysheep_small_circle
D:7:      layout_cave_pods, nicolae_overflow_squiral, fedhas_altar_3,
          serial_park_tiny_pond
D:8:      layout_cave_pods, general_overflow_altar,
          nicolae_qazlal_style_of_elements, minmay_manual_mess
D:9:      layout_cave_pods, mainiacjoe_overflow_six_doors_small,
          erik_lair_orcish_takeover, serial_shops, shop,
          kennysheep_generic_room_15
D:10:     layout_basic, dreamdust_divine_triumvirate,
          mainiacjoe_overflow_catwalk, uniq_psyche
D:11:     hangedman_cross_cluster, layout_long_grid, orc_0_dummy,
          gammafunk_ghost_cemetery, serial_co_window_serial, co_window_paths_b,
          co_window_paths_a, co_window_cross_1, co_window_corner_a,
          co_window_paths_a, co_window_corner_b, co_window_paths_c,
          co_window_corner_ca, co_window_corner_b, co_window_paths_e,
          hellmonk_sif_muna_bookshelves
D:12:     layout_irregular_city, serial_shops, nicolae_shop_industrial_runoff,
          nicolae_danse_macabre
D:13:     layout_basic, uniq_lodul
D:14:     layout_stronghold, grunt_vaults_entry_fortified, okawaru_trees_1,
          gammafunk_ghost_crypt
D:15:     gammafunk_enter_depths_forms, layout_long_grid, enter_trove_5,
          dreamdust_princess_corridor
Temple:   kb_corrupted_temple
Lair:1:   layout_misc_corridors, beast_lair_carwin_5
Lair:2:   layout_chaotic_city, spider_nest_entry_rubble, minivault_27,
          serial_bayou_shore_a
Lair:3:   layout_chaotic_city, swamp_mist, serial_bayou_shore_b,
          grunt_megastairs_2, uniq_kirke
Lair:4:   layout_regular_city, grunt_megastairs_5
Lair:5:   evilmike_catoblepas_cave, layout_regular_city, slime_entry_1
Swamp:1:  layout_basic_swamp, nicolae_swamp_dense_foliage, uniq_donald
Swamp:2:  layout_basic_swamp, evilmike_swamp_ruin_house_1
Swamp:3:  layout_falls_marsh, evilmike_swamp_ruin_house_3
Swamp:4:  swamp_basic_johnstein, layout_basic_swamp, swamp_pool_5,
          nicolae_swamp_thats_no_hydra, uniq_nikola
Spider:1: layout_chambers
Spider:2: layout_spider_delve, nicolae_spider_undead_wolf_pack
Spider:3: layout_chambers
Spider:4: johnstein_spider_rune_arachne_lair
Slime:1:  layout_caves
Slime:2:  layout_caves, nicolae_slime_barrier, nicolae_slime_welcoming_committee
Slime:3:  layout_caves
Slime:4:  cheibrodos_slime_lost_civilization_10, layout_caves
Slime:5:  slime_pit_nicolae_royal_road_to_ruin
Orc:1:    layout_caves, serial_shops, shop, portal_ice_cave_entry_pillars_2,
          basic_altar, nooodl_orcs_dogs, uniq_maurice
Orc:2:    st_orc_ogre_mass, layout_caves, serial_shops, shop
Elf:1:    minmay_elf_arrival_plus, layout_loops_cross,
          gammafunk_ghost_tricky_traps, corexii_checkpoint
Elf:2:    nicolae_elf_blades_crystal_corner, layout_loops_cross, serial_shops,
          shop, special_room [special_room_mythical_zoo], library_closet
Elf:3:    minmay_elf_hall_not_hex, layout_rooms, serial_shops, shop,
          basic_altar, minmay_shop_star
Vaults:1: nicolae_vaults_sealed_display, nicolae_vaults_puzzle_piece, st_cross,
          hangedman_vaults_hat, hangedman_vaults_stitches,
          vaults_room_door_ring, v_misc_9, nicolae_vaults_little_squares_6,
          nicolae_vaults_taking_the_gang_shopping, nicolae_vaults_theta,
          layout_vaults_maze_snakey
Vaults:2: v_alt_pattern_6, nicolae_vaults_alarming, nicolae_vaults_octothorpe,
          nicolae_vaults_closet_pinwheel_5, v_alt_pattern_3,
          grunt_vaults_diagonal, nicolae_vaults_trapezoid_4,
          nicolae_vaults_tetromino_L_2, ontoclasm_vaults_chip,
          vaults_mumra_minichess_inversion, nicolae_vaults_little_squares_1,
          nicolae_vaults_surprise_closet, grunt_vaults_hallway_short,
          layout_vaults_ring, serial_shops, shop, nicolae_shop_trees,
          uniq_norris
Vaults:3: minmay_crypt_entry_simple_statues, nicolae_vaults_ninety_degrees,
          hangedman_vaults_snaps, nicolae_vaults_network_square,
          nicolae_vaults_tetromino_Z_1, vaults_dpeg_encased_lava,
          vaults_mumra_minichess, vaults_room_guarded_vault, v_misc_30,
          layout_vaults_omnigrid, serial_shops, nicolae_shop_stone
Vaults:4: dpeg_vaults_pockets_of_resistance, vaults_room_corners,
          ontoclasm_vaults_ring_square, nicolae_vaults_disjoint_gnomons,
          nicolae_vaults_turnstiles, nicolae_vaults_tetromino_Z_1,
          nicolae_vaults_tetromino_Z_2, hangedman_vaults_nodes, v_misc_26,
          layout_vaults_omnibox, serial_shops, nicolae_shop_peninsula, uniq_mara
Vaults:5: uniq_boris
Depths:1: layout_twisted_cross, lemuel_crystal_altar,
          pf_vacation_house_of_asmodeus, nicolae_uskayaw_en_pointe,
          grunt_megastairs_4
Depths:2: nzn_winding_woodlands_stair_cross [nzn_winding_woodlands_5x15_cabin,
          nzn_winding_woodlands_center_diamonds,
          nzn_winding_woodlands_5x15_crooked,
          nzn_winding_woodlands_5x5_open_star, nzn_winding_woodlands_5x5_three,
          nzn_winding_woodlands_5x15_parted,
          nzn_winding_woodlands_center_triple_pond,
          nzn_winding_woodlands_5x15_concentric], layout_long_grid,
          nicolae_figureground_sparkle, hell_entry, rand_demon_pan_entry_8,
          uniq_josephina
Depths:3: kennysheep_windowed_halls, layout_cave_shapes, ebering_ghost_gozag,
          minmay_room_of_horrors, hangedman_abyss_or_decor_slice,
          hangedman_coc_ice_floe, chequers_jeans, minivault_11
Depths:4: grunt_bruiser_brothers, layout_cave_shapes, enter_ziggurat_f,
          grunt_hell_entry_dis_old, special_room [special_room_jelly],
          st_stairs_12, zin_scriptorium
Zot:1:    layout_cathedral_of_symmetry, nicolae_rock_paper_scissors
Zot:2:    gammafunk_the_bubble [the_bubble_gammafunk_split],
          layout_cathedral_of_symmetry, grunt_megastairs_1
Zot:3:    layout_gridlike, regret_index_zotdec_icy_dp, lemuel_flame_loot_1
Zot:4:    layout_twisted_circle
Zot:5:    layout_misc_corridors, regret_index_zotdec_ex,
          nicolae_diode_intersection

Skill      XL: |  1  2  3  4  5  6  7  8  9 10 11 12 13 14 15 16 17 18 19 20 21 22 23 24 25 26 27 |
---------------+----------------------------------------------------------------------------------+-----
Fire Magic     | 4 5 6 7 8 9 11 12 13 14 15 17 18 20 | 20.0
Fighting       | 2 6 8 9 10 12 13 14 15 18 19 22 | 22.1
Armour         | 2 6 8 10 12 13 15 | 15.0
Spellcasting   | 3 6 7 9 11 12 14 15 16 17 | 17.0
Conjurations   | 4 9 10 11 14 15 18 19 22 25 | 25.0
Invocations    | 4 6 7 8 9 |  9.0
Shields        | 4 7 9 12 | 12.0
Dodging        | 4 6 7 8 10 12 | 12.0
Evocations     | 6 7 8 |  8.0
Air Magic      | 5 10 12 | 12.0
Ice Magic      | 1 6 10 | 10.0
Staves         | 4 8 9 11 12 | 12.0
Alchemy        | 1 6 |  6.0
Stealth        | |  2.1

Action                     |  1- 3 |  4- 6 |  7- 9 | 10-12 | 13-15 | 16-18 | 19-21 | 22-24 | 25-27 || total
---------------------------+-------+-------+-------+-------+-------+-------+-------+-------+-------++-------
  Melee: Unarmed           |    37 |       |       |       |       |       |       |       |       ||    37
         Dagger            |    37 |       |       |       |       |       |       |       |       ||    37
         Punch             |     1 |     1 |     1 |       |       |       |       |       |       ||     3
         Trident           |    11 |    64 |       |       |       |       |       |       |       ||    75
         Whip              |       |    28 |       |       |       |       |       |       |       ||    28
         Hand axe          |       |       |   110 |     7 |       |       |       |       |       ||   117
         Staff             |       |       |       |       |    13 |   178 |   339 |   532 |   382 ||  1444
   Cast: Foxfire           |    76 |    91 |    54 |   261 |   371 |   301 |     1 |     1 |       ||  1156
         Scorch            |       |    31 |   101 |   289 |   310 |   323 |   222 |    39 |     4 ||  1319
         Flame Wave        |       |       |       |     8 |   195 |   171 |     6 |       |       ||   380
         Inner Flame       |       |       |       |     3 |    33 |       |       |       |       ||    36
         Volatile Blastmot |       |       |       |     1 |     3 |     6 |       |       |       ||    10
         Swiftness         |       |       |       |       |     3 |    11 |    22 |     9 |    12 ||    57
         Starburst         |       |       |       |       |       |   190 |   522 |   382 |   361 ||  1455
         Fireball          |       |       |       |       |       |     7 |    24 |       |       ||    31
         Ozocubu's Armour  |       |       |       |       |       |     4 |     4 |     2 |     3 ||    13
         Irradiate         |       |       |       |       |       |    19 |    78 |    23 |    36 ||   156
         Summon Ice Beast  |       |       |       |       |       |       |     9 |       |       ||     9
         Summon Blazeheart |       |       |       |       |       |       |     4 |     3 |       ||     7
         Conjure Ball Ligh |       |       |       |       |       |       |       |   118 |    36 ||   154
         Orb of Destructio |       |       |       |       |       |       |       |   170 |   393 ||   563
 Invoke: Channel Magic     |       |       |       |     2 |     1 |     5 |     7 |     7 |     8 ||    30
         Forget Spell      |       |       |       |       |       |       |       |     2 |       ||     2
  Evoke: Wand              |       |       |       |       |       |     5 |     8 |       |     7 ||    20
         Phantom mirror    |       |       |       |       |       |     1 |     1 |       |     1 ||     3
         Phial of floods   |       |       |       |       |       |       |     1 |       |       ||     1
    Use: Scroll            |       |     1 |     4 |     5 |    13 |    15 |     6 |    12 |    18 ||    74
         Potion            |       |       |       |     1 |       |     2 |     1 |     8 |    22 ||    34
   Stab: Sleeping          |       |     2 |       |       |       |       |       |       |       ||     2
         Distracted        |       |       |       |       |       |       |     1 |       |       ||     1
 Armour: Robe              |    74 |    91 |   104 |     6 |       |       |       |       |       ||   275
         Steam dragon scal |       |       |       |   182 |   187 |       |       |       |       ||   369
         Scale mail        |       |       |       |       |   428 |   673 |       |       |       ||  1101
         Swamp dragon scal |       |       |       |       |       |   478 |  1101 |   494 |       ||  2073
         Quicksilver drago |       |       |       |       |       |       |       |   579 |   693 ||  1272
         Skin              |       |       |       |       |       |       |       |       |     1 ||     1
  Dodge: Dodged            |    68 |    83 |    91 |   116 |   270 |   434 |   499 |   505 |   421 ||  2487
  Block: Buckler           |       |       |    16 |    93 |   164 |   359 |   444 |   379 |   254 ||  1709
         Reflection        |       |       |       |     7 |       |       |       |       |       ||     7
